 Dungeon Sprint DCSS version 0.27-a0-216-g1fbed8a51c (webtiles) character file.

Game seed: 858857819905309307

39865 mhtbhm the Shatterer (level 14, -16/119 HPs)
             Began as a Human Berserker on Jan 31, 2021.
             Was a High Priest of Trog.
             Demolished by Soekommo the pandemonium lord (32 damage)
             ... in the Dungeon (Sprint I: "Red Sonja").
             The game lasted 00:14:05 (5452 turns).

mhtbhm the Shatterer (Human Berserker)              Turns: 5452, Time: 00:14:05

Health: -16/119    AC: 35    Str: 33    XL:     14   Next: 41%
Magic:  1/14       EV: 15    Int: 13    God:    Trog [*****.]
Gold:   3795       SH:  0    Dex: 26    Spells: 13/13 levels left

rFire    + + .     SeeInvis .   a - +5 great mace of Dabaamy {flame, Str+2 Int-2 Dex+4}
rCold    + . .     Faith    .   (shield currently unavailable)
rNeg     . . .     Spirit   .   b - +5 gold dragon scales
rPois    +         Reflect  .   (helmet restricted)
rElec    .         Harm     .   A - +1 cloak of the Dolphin {Dex+9 Slay+2}
rCorr    .         Rampage  .   s - +2 pair of gloves of Atrec {Str+4}
Will     +....     NoTele   +   B - +1 pair of boots
Stlth    ..........             (no amulet)
HPRegen  0.29/turn              t - +4 ring of protection
MPRegen  0.14/turn              y - ring of Mamoco {*Slow rF+ Str+4 Int+6}

@: corroded, hasted and slowed
A: claws 1, horns 1, frail 1, strong 1, wild magic 1
0: Orb of Zot
a: Renounce Religion, Berserk, Trog's Hand, Brothers in Arms


You were in the Dungeon.
You worshipped Trog.
Trog was extremely pleased with you.
You visited 1 branch You collected 6642 gold pieces.
You spent 2847 gold pieces at shops.

Inventory:

Hand Weapons
 a - the +5 great mace of Dabaamy (weapon) {flame, Str+2 Int-2 Dex+4}
   (Trog gifted it to you in the Dungeon)

   It has been specially enchanted to burn those struck by it, causing extra
   injury to most foes and up to half again as much damage against particularly
   susceptible opponents.
   It affects your strength (+2).
   It affects your intelligence (-2).
   It affects your dexterity (+4).
Missiles
 l - 10 curare-tipped darts
Armour
 b - +5 gold dragon scales (worn)
 r - a +1 helmet
 s - the +2 pair of gloves of Atrec (worn) {Str+4}
   (You bought it in a shop in the Dungeon)

   It affects your strength (+4).
 A - the +1 cloak of the Dolphin (worn) {Dex+9 Slay+2}
   (You found it in the Dungeon)

   It affects your dexterity (+9).
   It affects your accuracy and damage with ranged weapons and melee attacks
   (+2).
 B - a +1 pair of boots (worn)
Jewellery
 t - a +4 ring of protection (left hand)
 y - the ring of Mamoco (right hand) {*Slow rF+ Str+4 Int+6}
   (You found it in the Dungeon)

   [ring of intelligence]

   It affects your strength (+4).
   It affects your intelligence (+6).
   It protects you from fire.
   It may slow you when you take damage.
Wands
 m - a wand of digging (1)
 o - a wand of mindburst (8)
 u - a wand of flame (18)
Scrolls
 n - a scroll of enchant weapon
 v - 3 scrolls of remove curse
 x - 3 scrolls of identify
Potions
 c - 4 potions of curing
 e - 2 potions of haste
 f - 2 potions of magic
 g - a potion of berserk rage
 j - a potion of ambrosia
 p - a potion of attraction
 w - 3 potions of might
 z - a potion of resistance
Miscellaneous
 i - a lightning rod (4/4)
 k - a condenser vane


   Skills:
 + Level 19.1 Fighting
 + Level 22.3 Maces & Flails
 + Level 16.6 Armour
 + Level 10.1 Dodging
 + Level 7.4 Stealth
 + Level 4.9 Evocations


You had 13 spell levels left.
You didn't know any spells.
Your spell library was empty.

Dungeon Overview and Level Annotations

Branches:
Dungeon (1/1)

Altars:
Cheibriados
Dithmenos
Elyvilon
Fedhas
Gozag
Hepliaklqana
Kikubaaqudgha
Makhleb
Nemelex Xobeh
Okawaru
Qazlal
Ru
Sif Muna
Trog
Uskayaw
Vehumet
Wu Jian
Xom
Yredelemnul
Zin
The Shining One
Jiyva
Lugonu

Shops:
D ?:*![*?(*(!?*[[:![([!*


Innate Abilities, Weirdness & Mutations

You have sharp fingernails.
You have a pair of small horns on your head.
You are frail. (-10% HP)
Your muscles are strong. (Str +2)
Your spells are a little harder to cast, but a little more powerful.


Message History

The bolt of acid hits you but does no damage.
The acid corrodes you!
You are splashed with acid!
* * * LOW HITPOINT WARNING * * *
Soekommo hits you!!
* * * LOW HITPOINT WARNING * * *
You feel your power leaking away.
There is an open door, spattered with blood here.
The lich gestures at itself while chanting.
The lich flickers and vanishes!
Deactivating autopickup; reactivate with Ctrl-A.
Your troll bites the reaper!!
Your troll claws the reaper!
Your troll claws the reaper but does no damage.
Something closely misses your troll. Something misses your troll.
Soekommo misses you.
Your troll barely misses the reaper.
Your troll claws the reaper!
Your troll claws the reaper but does no damage.
The reaper hits your troll with a +1 vorpal scythe!!
You hear a shout!
Soekommo hits you!!
You die...

#############################
#<.#..)..#..@&.#__#..4...#))#
#..'..#..').#..'^.'2T#...##'#
#..#####'#####'#__####...'4§#
#..####..#...#.####§.#####..'
#..#__####..##.#≈§§§§#..##§##
#..#_____##'#_.'≈§§§§'§§#.^^.
#⌠⌠#_.∩...'.)._#≈§§§.#.§#.)°.
#..._..__##_.#'##§#####'###°°
#..#_____###'#.#:(..###.'.#^.


You could see Soekommo and a reaper.

Vanquished Creatures
  Tiamat (D)
  the Lernaean hydra (D)
  A golden dragon (D)
  A shadow dragon (D)
  4 fire giants (D)
  A daeva (D)
  A cacodemon (D)
  A lorocyproca (D)
  A deep elf annihilator (D)
  A mummy priest (D)
  A hydra (D)
  2 centaur warriors (D)
  Sonja (D)
  3 sixfirhies (D)
  7 unseen horrors (D)
  A deep troll (D)
  A lindwurm (D)
  2 oklob plants (D)
  A shining eye (D)
  2 merfolk sirens (D)
  An orange demon (D)
  A gargoyle (D)
  2 kobold demonologists (D)
  A hellwing (D)
  4 demonic crawlers (D)
  A meliai (D)
  5 hornets (D)
  A slime creature (D)
  Sigmund (D)
  2 redbacks (D)
  13 hogs (D)
  A yak (D)
  4 floating eyes (D)
  7 necrophages (D)
  An ogre (D)
  8 jellies (D)
  Ijyb (D)
88 creatures vanquished.

Vanquished Creatures (collateral kills)
  7 shining eyes (D)
  3 floating eyes (D)
10 creatures vanquished.

Vanquished Creatures (others)
  A deep elf master archer (D)
  A gargoyle (D)
  2 ballistomycete spores (D)
4 creatures vanquished.

Grand Total: 102 creatures vanquished

Notes
Turn   | Place    | Note
-------+----------+-------------------------------------------
     0 | D        | mhtbhm the Human Berserker began the quest for the Orb.
     0 | D        | Reached XP level 1. HP: 18/18 MP: 1/1
    39 | D        | Noticed Ijyb
    47 | D        | Killed Ijyb
    48 | D        | Reached skill level 4 in Maces & Flails
    48 | D        | Reached XP level 2. HP: 26/26 MP: 2/2
    48 | D        | Reached XP level 3. HP: 31/31 MP: 3/3
   105 | D        | Noticed an ogre
   109 | D        | Killed an ogre
   110 | D        | Reached skill level 6 in Maces & Flails
   110 | D        | Reached XP level 4. HP: 40/40 MP: 4/4
   110 | D        | Reached XP level 5. HP: 46/46 MP: 5/5
   189 | D        | Noticed Sigmund
   194 | D        | Killed Sigmund
   194 | D        | Reached ** piety under Trog
   195 | D        | Reached skill level 8 in Maces & Flails
   195 | D        | Reached XP level 6. HP: 56/56 MP: 6/6
   247 | D        | Found an ornate altar of the Wu Jian Council.
   247 | D        | Found a shimmering blue altar of Sif Muna.
   249 | D        | Found a radiant altar of Vehumet.
   255 | D        | Reached skill level 9 in Maces & Flails
   289 | D        | Found Hihil's Distillery.
   289 | D        | Found an ancient bone altar of Kikubaaqudgha.
   289 | D        | Found a hazy altar of Hepliaklqana.
   289 | D        | Found a stormy altar of Qazlal.
   289 | D        | Found a hide-covered altar of Uskayaw.
   289 | D        | Found a blossoming altar of Fedhas.
   289 | D        | Found a bloodstained altar of Trog.
   289 | D        | Found an iron altar of Okawaru.
   289 | D        | Found a basalt altar of Yredelemnul.
   289 | D        | Found a glowing golden altar of the Shining One.
   289 | D        | Found a snail-covered altar of Cheibriados.
   289 | D        | Found a sacrificial altar of Ru.
   289 | D        | Found a glowing silver altar of Zin.
   289 | D        | Found a shadowy altar of Dithmenos.
   289 | D        | Found a white marble altar of Elyvilon.
   289 | D        | Noticed a yak
   290 | D        | Found an opulent altar of Gozag.
   298 | D        | Killed a yak
   299 | D        | Reached skill level 10 in Maces & Flails
   299 | D        | Reached skill level 5 in Armour
   299 | D        | Reached skill level 1 in Stealth
   299 | D        | Reached XP level 7. HP: 32/63 MP: 7/7
   299 | D        | Found a sparkling altar of Nemelex Xobeh.
   463 | D        | Found a burning altar of Makhleb.
   463 | D        | Found a viscous altar of Jiyva.
   463 | D        | Found a shimmering altar of Xom.
   463 | D        | Found a corrupted altar of Lugonu.
   463 | D        | Noticed a slime creature
   477 | D        | Killed a slime creature
   477 | D        | Reached *** piety under Trog
   478 | D        | Reached skill level 5 in Dodging
   702 | D        | Noticed a kobold demonologist
   702 | D        | Noticed a kobold demonologist
   704 | D        | Noticed a chaos spawn
   708 | D        | Reached skill level 11 in Maces & Flails
   708 | D        | Reached XP level 8. HP: 72/72 MP: 8/8
   720 | D        | Killed a kobold demonologist
   721 | D        | Reached skill level 10 in Fighting
   723 | D        | Killed a kobold demonologist
   723 | D        | Reached **** piety under Trog
   724 | D        | Reached skill level 12 in Maces & Flails
  1022 | D        | Noticed Sonja
  1027 | D        | Killed Sonja
  1028 | D        | Reached skill level 13 in Maces & Flails
  1028 | D        | Reached XP level 9. HP: 81/81 MP: 9/9
  1133 | D        | Killed a gargoyle
  1194 | D        | Found Icycva's Magic Scroll Boutique.
  1214 | D        | Noticed a deep troll
  1225 | D        | Killed a deep troll
  1235 | D        | Found Ulimef's Armour Emporium.
  1390 | D        | Noticed a centaur warrior
  1391 | D        | Noticed a centaur warrior
  1407 | D        | Killed a centaur warrior
  1407 | D        | Reached ***** piety under Trog
  1408 | D        | Reached skill level 14 in Maces & Flails
  1408 | D        | Reached XP level 10. HP: 36/89 MP: 10/10
  1412 | D        | Killed a centaur warrior
  1413 | D        | Reached skill level 5 in Stealth
  1675 | D        | Reached skill level 15 in Maces & Flails
  1765 | D        | Noticed an oklob plant
  1776 | D        | Killed an oklob plant
  1776 | D        | Received a gift from Trog
  2062 | D        | Killed an unseen horror
  2073 | D        | Killed an unseen horror
  2074 | D        | Reached XP level 11. HP: 64/98 MP: 3/11
  2309 | D        | Reached skill level 16 in Maces & Flails
  2312 | D        | Received a gift from Trog
  2314 | D        | Reached ****** piety under Trog
  2322 | D        | Got a warped great mace {god gift}
  2323 | D        | Identified the +5 great mace of Dabaamy {flame, Str+2 Int-2
                  | Dex+4} (Trog gifted it to you in the Dungeon)
  2393 | D        | Received a gift from Trog
  2441 | D        | Found Effoifu's Weapon Shoppe.
  2441 | D        | Found Ficw's Magic Scroll Shop.
  2441 | D        | Found Iguj's General Store.
  2443 | D        | Found Kish's Weapon Emporium.
  2443 | D        | Found Late's Distillery.
  2443 | D        | Found Piyrpha's Magic Scroll Shoppe.
  2443 | D        | Found Arias's General Store.
  2443 | D        | Found Siceduso's Antique Armour Emporium.
  2443 | D        | Found Rais's Antique Armour Shop.
  2443 | D        | Found Cioff's Book Shoppe.
  2447 | D        | Bought a scroll of holy word for 75 gold pieces
  2449 | D        | Found Simnuc's Distillery.
  2450 | D        | Found Fyirch's Antique Weapon Emporium.
  2450 | D        | Found Sikhoff's Armour Boutique.
  2453 | D        | Found Orilep's Distillery.
  2456 | D        | Bought a runed helmet for 150 gold pieces
  2456 | D        | Bought a pair of fading gloves for 190 gold pieces
  2461 | D        | Identified the +2 pair of gloves of Atrec {Str+4} (You
                  | bought it in a shop in the Dungeon)
  2475 | D        | Bought a potion of curing for 36 gold pieces
  2480 | D        | Bought a scroll of blinking for 90 gold pieces
  2480 | D        | Bought a scroll of magic mapping for 42 gold pieces
  2482 | D        | Bought a potion of heal wounds for 70 gold pieces
  2484 | D        | Bought a scroll of identify for 22 gold pieces
  2489 | D        | Bought a scroll of identify for 20 gold pieces
  2489 | D        | Bought a scroll of identify for 20 gold pieces
  2719 | D        | Noticed a lindwurm
  2724 | D        | Killed a lindwurm
  2724 | D        | Received a gift from Trog
  2741 | D        | Reached skill level 10 in Dodging
  2746 | D        | Reached skill level 17 in Maces & Flails
  2749 | D        | Received a gift from Trog
  2756 | D        | Reached skill level 10 in Armour
  2764 | D        | Received a gift from Trog
  2861 | D        | Noticed a 12-headed hydra
  2862 | D        | Paralysed by a floating eye for 4 turns
  2867 | D        | Killed a 12-headed hydra
  2868 | D        | Paralysed by a floating eye for 2 turns
  3011 | D        | Noticed a shadow dragon
  3014 | D        | Noticed a golden dragon
  3020 | D        | Killed a golden dragon
  3021 | D        | Reached skill level 15 in Fighting
  3021 | D        | Reached skill level 18 in Maces & Flails
  3021 | D        | Reached XP level 12. HP: 109/109 MP: 12/12
  3032 | D        | Killed a shadow dragon
  3105 | D        | Found Otievemo's General Store.
  3122 | D        | Bought a wand of digging (8) for 336 gold pieces
  3122 | D        | Bought a scroll of enchant armour for 105 gold pieces
  3122 | D        | Bought a scroll of identify for 28 gold pieces
  3160 | D        | Noticed a daeva
  3194 | D        | Noticed an unseen horror
  3195 | D        | Noticed an unseen horror
  3199 | D        | Killed an unseen horror
  3200 | D        | Reached skill level 19 in Maces & Flails
  3201 | D        | Killed an unseen horror
  3206 | D        | Noticed an unseen horror
  3208 | D        | Killed an unseen horror
  3208 | D        | Received a gift from Trog
  3208 | D        | Noticed an unseen horror
  3210 | D        | Killed an unseen horror
  3340 | D        | Killed a daeva
  3392 | D        | Killed an unseen horror
  3393 | D        | Reached skill level 20 in Maces & Flails
  3534 | D        | Killed a lorocyproca
  3535 | D        | Reached skill level 1 in Evocations
  3845 | D        | Bought a potion of heal wounds for 65 gold pieces
  3845 | D        | Bought a potion of might for 52 gold pieces
  3845 | D        | Bought a potion of haste for 130 gold pieces
  3881 | D        | Bought a scroll of enchant armour for 97 gold pieces
  3881 | D        | Bought a scroll of identify for 26 gold pieces
  3881 | D        | Bought a scroll of identify for 26 gold pieces
  3939 | D        | Bought a +4 ring of protection for 396 gold pieces
  3941 | D        | Bought a potion of haste for 140 gold pieces
  3941 | D        | Bought a potion of resistance for 140 gold pieces
  3942 | D        | Bought a scroll of enchant armour for 90 gold pieces
  3943 | D        | Bought a potion of flight for 33 gold pieces
  3950 | D        | Bought a potion of curing for 39 gold pieces
  3950 | D        | Bought a potion of might for 52 gold pieces
  3951 | D        | Bought a +1 pair of boots for 126 gold pieces
  3953 | D        | Bought a potion of haste for 120 gold pieces
  4010 | D        | Received a gift from Trog
  4011 | D        | Gained mutation: Your magical capacity is low. (-10% MP) [a
                  | shining eye]
  4013 | D        | Reached XP level 13. HP: 118/118 MP: 11/11
  4014 | D        | Paralysed by a floating eye for 3 turns
  4016 | D        | Gained mutation: Your body sometimes deteriorates upon
                  | taking damage. [a shining eye]
  4017 | D        | Gained mutation: You are dopey. (Int -2) [a shining eye]
  4018 | D        | Received a gift from Trog
  4021 | D        | Gained mutation: Your body often deteriorates upon taking
                  | damage. [a shining eye]
  4023 | D        | Paralysed by a floating eye for 4 turns
  4037 | D        | Found Dothoa Olik's Book Shoppe.
  4037 | D        | Found Laorom's General Store.
  4037 | D        | Found Toacyiqe's General Store.
  4038 | D        | Found Canojuuk's Armour Shop.
  4042 | D        | Lost mutation: Your body often deteriorates upon taking
                  | damage. [potion of mutation]
  4042 | D        | Lost mutation: Your body sometimes deteriorates upon taking
                  | damage. [potion of mutation]
  4042 | D        | Lost mutation: Your magical capacity is low. (-10% MP)
                  | [potion of mutation]
  4042 | D        | Gained mutation: You are agile. (Dex +2) [potion of
                  | mutation]
  4042 | D        | Gained mutation: You are weak. (Str -2) [potion of
                  | mutation]
  4042 | D        | Lost mutation: You are dopey. (Int -2) [potion of mutation]
  4042 | D        | Gained mutation: You have a pair of small horns on your
                  | head. [potion of mutation]
  4043 | D        | Lost mutation: You have a pair of small horns on your head.
                  | [potion of mutation]
  4043 | D        | Lost mutation: You are agile. (Dex +2) [potion of mutation]
  4043 | D        | Lost mutation: You are weak. (Str -2) [potion of mutation]
  4043 | D        | Gained mutation: Your muscles are strong. (Str +2) [potion
                  | of mutation]
  4043 | D        | Gained mutation: Your spells are a little harder to cast,
                  | but a little more powerful. [potion of mutation]
  4043 | D        | Gained mutation: You have a pair of small horns on your
                  | head. [potion of mutation]
  4043 | D        | Gained mutation: You have sharp fingernails. [potion of
                  | mutation]
  4049 | D        | Bought a scroll of blinking for 105 gold pieces
  4092 | D        | Bought a scroll of identify for 26 gold pieces
  4159 | D        | Noticed a fire giant
  4160 | D        | Noticed a fire giant
  4160 | D        | Noticed a fire giant
  4161 | D        | Noticed a fire giant
  4167 | D        | Killed a fire giant
  4171 | D        | Killed a fire giant
  4178 | D        | Killed a fire giant
  4178 | D        | Received a gift from Trog
  4179 | D        | Reached skill level 21 in Maces & Flails
  4183 | D        | Killed a fire giant
  4265 | D        | Identified the +4 dragonskin cloak
  4265 | D        | Noticed Tiamat
  4321 | D        | Noticed a deep elf annihilator
  4337 | D        | Received a gift from Trog
  4360 | D        | Killed a deep elf annihilator
  4360 | D        | Received a gift from Trog
  4549 | D        | Noticed a mummy priest
  4562 | D        | Killed a mummy priest
  4613 | D        | Noticed the 27-headed Lernaean hydra
  4620 | D        | Killed the 27-headed Lernaean hydra
  4621 | D        | Reached skill level 15 in Armour
  4621 | D        | Reached XP level 14. HP: 131/131 MP: 14/14
  4723 | D        | Killed a deep elf master archer
  4784 | D        | Found the +8 glaive of the Guard {elec, spectral, AC+5}
  4977 | D        | Got a brightly glowing golden ring
  4979 | D        | Got a brightly glowing cloak
  4987 | D        | Identified the +1 cloak of the Dolphin {Dex+9 Slay+2} (You
                  | found it in the Dungeon)
  5006 | D        | Identified the ring of Mamoco {*Slow rF+ Str+4 Int+6} (You
                  | found it in the Dungeon)
  5121 | D        | Killed Tiamat
  5122 | D        | Reached skill level 22 in Maces & Flails
  5371 | D        | Got the Orb of Zot
  5404 | D        | Noticed a cacodemon
  5410 | D        | Gained mutation: You are frail. (-10% HP) [a cacodemon]
  5411 | D        | Killed a cacodemon
  5417 | D        | Received a gift from Trog
  5427 | D        | Noticed Soekommo the pandemonium lord
  5427 | D        | Noticed a lich
  5434 | D        | Noticed a reaper
  5452 | D        | Demolished by Soekommo the pandemonium lord

Illustrated notes

Levels and vault maps discovered:
D:        dungeon_sprint_1 [red_sonja_temple_1, red_sonja_temple_small_1]

Skill      XL: |  1  2  3  4  5  6  7  8  9 10 11 12 13 14 |
---------------+-------------------------------------------+-----
Fighting       | 4 6 7 8 9 11 12 13 15 16 18 19 | 19.1
Maces & Flails | 4 6 8 10 11 13 14 15 18 20 21 22 | 22.3
Armour         | 3 4 5 7 8 9 11 12 15 16 | 16.6
Dodging        | 3 4 5 6 7 9 10 | 10.1
Stealth        | 1 2 3 4 6 7 |  7.4
Evocations     | 1 3 4 |  4.9

Action                   |  1- 3 |  4- 6 |  7- 9 | 10-12 | 13-15 || total
-------------------------+-------+-------+-------+-------+-------++-------
Melee: Mace              |     9 |    14 |    57 |    23 |       ||   103
       Dire flail        |       |       |       |    34 |       ||    34
       Great mace        |       |       |       |   112 |    86 ||   198
       Headbutt          |       |       |       |       |    33 ||    33
Invok: Berserk           |     3 |     1 |     5 |     9 |     5 ||    23
       Brothers in Arms  |       |       |       |     4 |     4 ||     8
Evoke: Wand              |       |       |       |     4 |     4 ||     8
       Condenser vane    |       |       |       |     1 |       ||     1
  Use: Potion            |       |       |     1 |       |     9 ||    10
       Scroll            |       |       |       |    12 |     5 ||    17
 Stab: Sleeping          |       |     1 |       |     2 |       ||     3
Armor: Animal skin       |     1 |       |       |       |       ||     1
       Leather armour    |       |     2 |     8 |     9 |       ||    19
       Gold dragon scale |       |       |       |   101 |    92 ||   193
Dodge: Dodged            |     5 |     5 |    28 |    68 |    39 ||   145

Table legend: (Time is in decaauts)
 A = Elapsed time spent in this place.
 B = Non-inter-level travel time spent in this place.
 C = Inter-level travel time spent in this place.
 D = Time resting spent in this place.
 E = Time spent auto-exploring this place.
 F = Levels seen in this place.
 G = Mean time per level.
                   A        B        C        D        E       F      G
               +--------+--------+--------+--------+--------+-----+--------+
         Total |   5598 |   5509 |     89 |   3435 |      0 |   1 | 5598.0 |
       Dungeon |   5598 |   5509 |     89 |   3435 |      0 |   1 | 5598.0 |
               +--------+--------+--------+--------+--------+-----+--------+

Top non-repeatable levels by time:
       D: 5598 daAuts
